 Dungeon Crawl Stone Soup version 0.28-a0-1143-gcf6077d4cc (webtiles) character file.

Game seed: 15082885371368607

51 Gwenloh the Insei (level 3, 0/23 HPs)
             Began as an Octopode Transmuter on Dec 14, 2021.
             Slain by Natasha (8 damage)
             ... on level 2 of the Dungeon.
             The game lasted 00:03:09 (1385 turns).

Gwenloh the Insei (Octopode Transmuter)             Turns: 1385, Time: 00:03:10

Health: 0/23       AC:  1    Str:  9    XL:     3   Next: 81%
Magic:  6/6        EV: 13    Int: 15    God:
Gold:   70         SH:  0    Dex: 14    Spells: 3/6 levels left

rFire   . . .      SeeInvis .     - Unarmed
rCold   . . .      Faith    .   (no shield)
rNeg    . . .      Spirit   .   (helmet currently unavailable)
rPois   .          Reflect  .   (no amulet)
rElec   .          Harm     .   (no ring)
rCorr   .          Rampage  .   (no ring)
Will    .....                   (no ring)
Stlth   ++........              (no ring)
HPRegen 0.07/turn               (no ring)
MPRegen 0.10/turn               (no ring)
                                (no ring)
                                (no ring)

@: appendages (expiring), slowed, very slow
A: tentacle spike 3, almost no armour, amphibious, 8 rings, camouflage 1,
gelatinous body 1, (nimble swimmer 1), tentacles
a: End Transformation


You were on level 2 of the Dungeon.
One of your tentacles had grown a beastly spike.
You visited 1 branch of the dungeon, and saw 2 of its levels.

You collected 70 gold pieces.

Inventory:

Missiles
 b - 87 stones (quivered)
Jewellery
 g - a ring of protection from fire
Scrolls
 a - a scroll of brand weapon {unknown}
 e - a scroll of teleportation {unknown}
 f - a scroll of blinking {unknown}
 h - a scroll of amnesia {unknown}
 i - a scroll of identify {unknown}
 k - a scroll of immolation {unknown}
Potions
 c - 2 potions of curing {unknown}
 d - a potion of might
 j - a potion of lignification {unknown}


   Skills:
 + Level 1.5 Fighting
 + Level 2.4 Dodging
 * Level 3.6 Unarmed Combat
 - Level 2.0 Spellcasting
 * Level 2.7 Transmutations


You had 3 spell levels left.
You knew the following spells:

 Your Spells              Type           Power      Damage    Failure   Level
a - Beastly Appendage     Tmut           18%        N/A       7%          1
b - Wereblood             Tmut           9%         N/A       11%         2

Your spell library contained the following spells:

 Spells                   Type           Power      Damage    Failure   Level
 Slow                     Hex            4%         N/A       22%         1
 Spider Form              Tmut/Pois      5%         N/A       36%         3
 Confusing Touch          Hex            1%         N/A       54%         3
 Vampiric Draining        Necr           1%         2d6       54%         3
 Ice Form                 Ice/Tmut       5%         N/A       77%         4


Dungeon Overview and Level Annotations

Branches:
Dungeon (2/15)

Altars:

Annotations:
D:2 Natasha


Innate Abilities, Weirdness & Mutations

One of your tentacles has grown a beastly spike.
You cannot wear most types of armour.
You are amphibious.
You can wear up to eight rings at the same time.
Your skin changes colour to match your surroundings (Stealth+).
Your rubbery body absorbs attacks. (AC +1, EV +1)
((You are camouflaged near water. (Stealth+)))
You have tentacles for arms and can constrict up to eight enemies at once.


Message History

You open the door.
There is an open door here.
Natasha, Servant of Life and Death comes into view.
Natasha hisses angrily.
There is an open door here.
You close the door.
You start waiting.
Natasha, Servant of Life and Death opens the door.
Casting: Beastly Appendage (safe; 7% risk of failure)
Confirm with . or Enter, or press ? or * to list all spells.
One of your tentacles grows a vicious spike.
Natasha stares at you and mumbles some strange words.
You feel yourself slow down. Natasha claws you but does no damage.
Natasha mumbles some strange words.
Natasha's front paws start to glow.
Natasha drinks a potion.
Natasha seems to grow stronger.
There is an open door here.
You barely miss Natasha. Your grab misses Natasha.
Your tentacle spike misses Natasha.
You squeeze Natasha, but do no damage. Natasha claws you.
You closely miss Natasha. You grab Natasha.
You pierce Natasha.
Natasha is lightly wounded.
You constrict Natasha, but do no damage.
Natasha barely misses you.
You barely miss Natasha.
Natasha is lightly wounded.
Your transformation is almost over.
You constrict Natasha. Natasha casts a spell at you.
You feel as though you will be slow longer.
Natasha claws you!
You barely miss Natasha.
Natasha is moderately wounded.
You constrict Natasha. Natasha completely misses you.
You tentacle-slap Natasha but do no damage.
You pierce Natasha.
You squeeze Natasha.
Natasha is severely wounded.
You constrict Natasha. Natasha claws you!
You die...

########.###
#..........#
#..........#
#..........#
#....†.....#
#..........#
#..........#
#..........#
########@###
#h# #.# #.#
#.. #...
#.... #.....
#....h.


You could see Natasha (strong).

Vanquished Creatures
  Jessica (D:2)
  An endoplasm (D:1)
  2 giant cockroaches
  A goblin (D:1)
  4 hobgoblins
  4 jackals (D:1)
  3 ball pythons (D:1)
  2 bats (D:2)
  3 frilled lizards
  2 rats (D:1)
23 creatures vanquished.

Notes
Turn   | Place    | Note
-------+----------+-------------------------------------------
     0 | D:1      | Gwenloh the Octopode Transmuter began the quest for the
                  | Orb.
     0 | D:1      | Reached XP level 1. HP: 13/13 MP: 3/3
   259 | D:1      | Reached XP level 2. HP: 15/18 MP: 3/5
  1092 | D:2      | Noticed Jessica
  1102 | D:2      | Killed Jessica
  1103 | D:2      | Reached XP level 3. HP: 15/23 MP: 4/6
  1216 | D:2      | Learned a level 2 spell: Wereblood
  1371 | D:2      | Noticed Natasha
  1385 | D:2      | Slain by Natasha

Illustrated notes

Levels and vault maps discovered:
D:1:      dpeg_arrival_ternary, layout_basic, minmay_ruptured
D:2:      wad_crossroads, layout_basic, uniq_jessica, uniq_natasha

Action                   || total
-------------------------++-------
Melee: Unarmed           ||    48
       Constrict         ||    14
       Tentacles         ||     9
       Kick              ||    12
       Punch             ||     1
Throw: Stone             ||    11
 Cast: Beastly Appendage ||    16
 Stab: Sleeping          ||     4
Armor: Skin              ||     4
Dodge: Dodged            ||    30

Table legend: (Time is in decaauts)
 A = Elapsed time spent in this place.
 B = Non-inter-level travel time spent in this place.
 C = Inter-level travel time spent in this place.
 D = Time resting spent in this place.
 E = Time spent auto-exploring this place.
 F = Levels seen in this place.
 G = Mean time per level.
                   A        B        C        D        E       F      G
               +--------+--------+--------+--------+--------+-----+--------+
         Total |   1385 |   1367 |     18 |      4 |   1174 |   2 |  692.5 |
       Dungeon |   1385 |   1367 |     18 |      4 |   1174 |   2 |  692.5 |
               +--------+--------+--------+--------+--------+-----+--------+

Top non-repeatable levels by time:
     D:1: 1091 daAuts
     D:2: 294 daAuts
